 Dungeon Crawl Stone Soup version 0.31-a0-1603-gbec6b6ccbf (webtiles) character file.

Game seed: 585324417737602230

182 MisterAzrael the Magician (level 5, -15/28 HPs)
             Began as a Deep Elf Earth Elementalist on Jan 7, 2024.
             Demolished by a hornet (16 damage)
             ... while paralysed by a hornet
             ... on level 4 of the Dungeon.
             The game lasted 00:07:01 (2848 turns).

MisterAzrael the Magician (DEEE)                    Turns: 2848, Time: 00:07:02

Health: -15/28     AC:  5    Str:  5    XL:     5   Next: 35%
Magic:  13/13      EV:  2    Int: 22    God:
Gold:   132        SH:  0    Dex: 15    Spells: 5/13 levels left

rFire   . . .        l - staff of earth
rCold   . . .        (no shield)
rNeg    . . .        a - +0 robe
rPois   .            i - +2 hat
rElec   .            o - +0 cloak
rCorr   .            (no gloves)
SInv    .            (no boots)
Will    .....        (no amulet)
Stlth   ++           (no ring)
HPRegen 0.24/turn    (no ring)
MPRegen 0.13/turn

%: no passive effects
@: paralysed, lethally poisoned (-15 -> -21), slowed
A: no striking features
a: no special abilities


You were on level 4 of the Dungeon.
You visited 1 branch of the dungeon, and saw 4 of its levels.

You collected 132 gold pieces.

Inventory:

Missiles
 h - a throwing net
Armour
 a - a +0 robe (worn)
 i - a +2 hat (worn)
 o - a +0 cloak (worn)
Magical Staves
 l - a staff of earth (weapon)
 q - a staff of air
Wands
 u - a wand of charming (8)
Scrolls
 f - a scroll of summoning {unknown}
 g - 3 scrolls of enchant weapon {unknown}
 j - a scroll of poison {unknown}
 m - a scroll of identify {unknown}
 n - a scroll of torment {unknown}
 r - a scroll of teleportation {unknown}
 s - a scroll of vulnerability {unknown}
Potions
 b - a potion of magic
 c - a potion of heal wounds {unknown}
 d - 2 potions of attraction {unknown}
 e - a potion of mutation {unknown}
 k - 3 potions of curing {unknown}
 p - a potion of enlightenment {unknown}
 t - a potion of berserk rage {unknown}


   Skills:
 + Level 0.9 Staves
 - Level 2.4 Dodging
 - Level 2.4 Stealth
 + Level 4.6 Spellcasting
 * Level 3.3 Conjurations
 * Level 4.5 Earth Magic
 + Level 1.0 Evocations


You had 5 spell levels left.
You knew the following spells:

 Your Spells              Type           Power      Damage    Failure   Level
a - Sandblast             Erth           74%        2d16      1%          1
b - Stone Arrow           Conj/Erth      66%        3d11      6%          3
c - Brom's Barrelling Bo  Conj/Erth      33%        2d5       21%         4

Your spell library contained the following spells:

 Spells                   Type           Power      Damage    Failure   Level
 Passwall                 Erth           37%        N/A       4%          3
 Slow                     Hex            20%        N/A       11%         1
 Confusing Touch          Hex            5%         N/A       32%         3
 Gell's Gravitas          Tloc           5%         N/A       32%         3
 Inner Flame              Hex/Fire       5%         N/A       32%         3
 Sigil of Binding         Hex            5%         N/A       32%         3
 Teleport Other           Tloc           5%         N/A       32%         3
 Vampiric Draining        Necr           5%         2d6       32%         3
 Petrify                  Alch/Erth      22%        N/A       38%         4
 Flame Wave               Conj/Fire      12%        2d6       47%         4
 Sticky Flame             Fire/Alch      5%         2d4       71%         4
 Dispersal                Tloc           2%         N/A       100%        6


Dungeon Overview and Level Annotations

Branches:
Dungeon (4/15)
 Temple: D:4-7

Altars:
Cheibriados
Qazlal

Shops:
D:3 (


Message History

Found a stormy altar of Qazlal.
There is a stone staircase leading down here.
You see here a +0 spear.
You see here a +0 dagger.
There is a stone staircase leading up here.
You see here 6 stones.
You see here 3 stones.
Done exploring.
No target in view!
Done exploring.
Done exploring.
Done exploring.
What level of the Dungeon? (default 2, ? - help)
There is a stone staircase leading down here.
You climb downwards.
There is a stone staircase leading up here.
There are monsters nearby!
There are monsters nearby!
You feel a surge of power!
The blast of sand hits the dart slug!
You kill the dart slug!
You feel a surge of power!
The blast of sand hits the ball python!!
You kill the ball python!
You can't see any susceptible monsters within range! (Use Z to cast anyway.) Magic restored.
A hornet comes into view.
The hornet moves out of view.
Found a scroll labelled EVVOICKAXO.
You hit the hornet but do no damage. The hornet closely misses you.
The hornet stings you.
You are poisoned.
You suddenly lose the ability to move!
You feel very sick. The hornet stings you!
You feel yourself slow down. The hornet stings you!
* * * LOW HITPOINT WARNING * * *
You feel as though you will be slow longer.
* * * LOW HITPOINT WARNING * * *
You feel sick. The hornet stings you!
Ouch! That really hurt!
You die...

#... #...
#... ##...
...? #..
#.y#####
#..@...#
......####.#
.#### ###.#
#<..# #.###
#.# #.# #.#
#†#


You could see a hornet.

Vanquished Creatures
  7 gnolls
  4 adders (D:2)
  6 dart slugs
  3 ribbon worms
  4 orcs (D:3)
  5 bats
  3 endoplasms
  6 goblins
  3 hobgoblins
  3 jackals (D:2)
  5 kobolds
  2 quokkas
  6 ball pythons
  2 frilled lizards
59 creatures vanquished.

Notes
Turn   | Place    | Note
-------+----------+-------------------------------------------
     0 | D:1      | MisterAzrael the Deep Elf Earth Elementalist began the
                  | quest for the Orb.
     0 | D:1      | Reached XP level 1. HP: 10/10 MP: 6/6
   160 | D:1      | Reached XP level 2. HP: 15/15 MP: 6/8
   278 | D:1      | Found a faded altar of an unknown god.
  1016 | D:2      | Reached XP level 3. HP: 19/19 MP: 7/10
  1338 | D:2      | Reached XP level 4. HP: 24/24 MP: 6/12
  1830 | D:2      | You fall into a shaft and drop 1 floor!
  1830 | D:3      | Found a snail-covered altar of Cheibriados.
  2028 | D:3      | Found Sofoipri's Weapon Shop.
  2066 | D:3      | Learned a level 3 spell: Stone Arrow
  2071 | D:3      | Learned a level 4 spell: Brom's Barrelling Boulder
  2150 | D:3      | Reached XP level 5. HP: 28/28 MP: 10/13
  2152 | D:3      | Reached skill level 1 in Evocations
  2504 | D:3      | Found a stormy altar of Qazlal.
  2844 | D:4      | Noticed a hornet
  2846 | D:4      | Paralysed by a hornet for 3 turns
  2847 | D:4      | HP: 1/28 [hornet (9)]
  2848 | D:4      | Demolished by a hornet

Illustrated notes

Levels and vault maps discovered:
D:1:      ncdulo_watergridlock, layout_basic, dreamdust_ecumenical_altar_statues
D:2:      cheibrodos_old_hovel, layout_basic, minmay_cut_off
D:3:      minmay_inner_zag, layout_loops_ring, lemuel_tele_altar,
          mainiacjoe_overflow_brackets, serial_shops, nicolae_shop_tiny_glass
D:4:      layout_loops_ring, chequers_temple_overflow_minitemple,
          gammafunk_ghost_mausoleum, minmay_joined_circles

Skill      XL: |  1  2  3  4  5 |
---------------+----------------+-----
Conjurations   | 2 3 |  3.3
Spellcasting   | 4 |  4.6
Earth Magic    | 4 |  4.5
Evocations     | 1 |  1.0
Staves         | |  0.9
Dodging        | |  2.4
Stealth        | |  2.4

Action                     |  1- 3 |  4- 6 || total
---------------------------+-------+-------++-------
  Melee: Unarmed           |     2 |       ||     2
         Staff             |       |     2 ||     2
   Cast: Sandblast         |    44 |    33 ||    77
 Armour: Robe              |     8 |     8 ||    16
  Dodge: Dodged            |     8 |     5 ||    13

Table legend: (Time is in decaauts)
 A = Elapsed time spent in this place.
 B = Non-inter-level travel time spent in this place.
 C = Inter-level travel time spent in this place.
 D = Time resting spent in this place.
 E = Time spent auto-exploring this place.
 F = Levels seen in this place.
 G = Mean time per level.
                   A        B        C        D        E       F      G
               +--------+--------+--------+--------+--------+-----+--------+
         Total |   2886 |   2818 |     68 |     66 |   2360 |   4 |  721.5 |
       Dungeon |   2886 |   2818 |     68 |     66 |   2360 |   4 |  721.5 |
               +--------+--------+--------+--------+--------+-----+--------+

Top non-repeatable levels by time:
     D:3: 999 daAuts
     D:2: 983 daAuts
     D:1: 874 daAuts
     D:4: 29 daAuts
